 Dungeon Crawl Stone Soup version 0.31-a0-1576-ga3383bade6 (webtiles) character file.

Game seed: 16366325370928059538

109 grandjackal the Chopper (level 4, -2/35 HPs)
             Began as a Demonspawn Gladiator on Jan 4, 2024.
             Slain by an orc
             ... wielding a +0 war axe
              (6 damage)
             ... on level 3 of the Dungeon.
             The game lasted 00:01:31 (1672 turns).

grandjackal the Chopper (Demonspawn Gladiator)      Turns: 1672, Time: 00:01:32

Health: -2/35      AC:  4    Str: 16    XL:     4   Next: 60%
Magic:  4/4        EV: 12    Int:  8    God:
Gold:   125        SH:  0    Dex: 15    Spells: 3/3 levels left

rFire   . . .        a - +0 war axe
rCold   . . .        (no shield)
rNeg    . . .        b - +0 leather armour
rPois   .            (helmet restricted)
rElec   .            (no cloak)
rCorr   .            c - +0 pair of gloves
SInv    .            (no boots)
Will    .....        (no amulet)
Stlth   +            (no ring)
HPRegen 0.25/turn    (no ring)
MPRegen 0.18/turn

%: no passive effects
@: no status effects
A: horns 1, magic regeneration
a: no special abilities


You were on level 3 of the Dungeon.
You visited 1 branch of the dungeon, and saw 3 of its levels.

You collected 125 gold pieces.

Inventory:

Hand Weapons
 a - a +0 war axe (weapon)
Missiles
 d - 3 throwing nets (quivered)
 e - a javelin
Armour
 b - a +0 leather armour (worn)
 c - a +0 pair of gloves (worn)
Wands
 i - a wand of mindburst (19)
Scrolls
 f - a scroll of enchant weapon {unknown}
 g - a scroll of revelation {unknown}
 h - a scroll of blinking {unknown}
 k - a scroll of teleportation {unknown}
Potions
 j - a potion of haste {unknown}


   Skills:
 + Level 3.5 Fighting
 + Level 3.8 Axes
 - Level 2.0 Throwing
 - Level 3.0 Dodging


You had 3 spell levels left.
You didn't know any spells.
Your spell library was empty.

Dungeon Overview and Level Annotations

Branches:
Dungeon (3/15)

Altars:

Shops:
D:1 =   D:2 (


Innate Abilities, Weirdness & Mutations

You have a pair of small horns on your head.
You regenerate magic rapidly.


Message History

The orc throws a boomerang.
The boomerang closely misses you. The bat closely misses you.
You slash the bat!
You kill the bat!
An orc comes into view. It is wielding a +0 club.
The orc shouts!
The orc priest mumbles some strange prayers to Beogh against you.
Pain shoots through your body!
A rat comes into view.
A goblin comes into view. It is wielding a +0 club.
The orc priest mumbles some strange prayers to Beogh against you.
Beogh smites you!
Unknown command.
The rat squeaks loudly.
You hit the orc but do no damage. You hit the orc.
The orc priest calls upon Beogh to heal the orc.
The orc is healed somewhat.
The orc hits you with a +0 dagger. The orc closely misses you.
An iguana comes into view.
Unknown command.
You slash the orc!
You kill the orc!
You hit the orc. The orc hits you but does no damage.
Unknown command.
You barely miss the orc. You headbutt the orc.
The orc is moderately wounded.
You hit the orc priest. The orc priest hits you with a +0 club.
The orc hits you but does no damage. The orc hits you with a +0 war axe!
* * * LOW HITPOINT WARNING * * *
The orc hits you with a +0 club.
* * * LOW HITPOINT WARNING * * *
The orc priest barely misses you. The rat bites you but does no damage.
Unknown command.
Aiming: Mindburst
Press: ? - help, Shift-Dir - straight line, f - orc priest
Aim: an orc priest, wielding a +0 club (moderately wounded, chance to affect: 64%)
The orc priest's mind is blasted!
You blow up the orc priest!
The orc closely misses you. The orc hits you with a +0 war axe.
You die...

#.####.........#.....
#....##†#.####........
####.##.#.# #......#
#....#.# .......
###..#.#####......#
#..........l.....
#...............#
#.......oog......
#.......)@r.)....
#..†......#######
#...#..##.#
#...#.....#
#...#.###.# ####..#
#.#### ##.## ##....
######..###......
........†[.......


You could see an iguana, 2 orcs, a goblin and a rat.

Vanquished Creatures
  A jelly (D:3)
  An orc priest (D:3)
  Natasha (D:3)
  2 adders (D:3)
  A dart slug (D:1)
  2 ribbon worms
  An orc (D:3)
  3 ball pythons (D:1)
  5 endoplasms
  A kobold (D:1)
  A quokka (D:1)
  6 bats
  A frilled lizard (D:1)
  3 goblins
  5 rats
34 creatures vanquished.

Notes
Turn   | Place    | Note
-------+----------+-------------------------------------------
     0 | D:1      | grandjackal the Demonspawn Gladiator began the quest for
                  | the Orb.
     0 | D:1      | Reached XP level 1. HP: 16/16 MP: 1/1
   261 | D:1      | Gained mutation: You have a pair of small horns on your
                  | head. [demonic ancestry]
   261 | D:1      | Reached XP level 2. HP: 20/22 MP: 2/2
   375 | D:1      | Found Fusko's Jewellery Emporium.
   929 | D:2      | Found Iriy's Weapon Emporium.
   991 | D:2      | Found a faded altar of an unknown god.
  1186 | D:2      | Gained mutation: You regenerate magic rapidly. [demonic
                  | ancestry]
  1186 | D:2      | Reached XP level 3. HP: 28/28 MP: 3/3
  1346 | D:3      | Noticed Natasha
  1356 | D:3      | Killed Natasha
  1487 | D:3      | Reached XP level 4. HP: 14/35 MP: 4/4
  1672 | D:3      | Slain by an orc

Illustrated notes

Levels and vault maps discovered:
D:1:      minmay_arrival_nine_rooms, layout_basic, serial_shops,
          nicolae_shop_tiny_glass
D:2:      layout_basic, serial_shops, shop,
          hellmonk_ecumenical_altar_heavens_door, item_on_display_a
D:3:      layout_rooms, minmay_starry_boxes, uniq_natasha, uniq_grinder

Skill      XL: |  1  2  3 |
---------------+----------+-----
Throwing       | 2 |  2.0
Dodging        | 3 |  3.0
Axes           | 3 |  3.8
Fighting       | 3 |  3.5

Action                     |  1- 3 |  4- 6 || total
---------------------------+-------+-------++-------
  Melee: War axe           |    57 |    18 ||    75
         Headbutt          |     6 |     3 ||     9
  Evoke: Wand              |       |     1 ||     1
   Stab: Sleeping          |     2 |       ||     2
 Armour: Leather armour    |    31 |    18 ||    49
  Dodge: Dodged            |    33 |    17 ||    50

Table legend: (Time is in decaauts)
 A = Elapsed time spent in this place.
 B = Non-inter-level travel time spent in this place.
 C = Inter-level travel time spent in this place.
 D = Time resting spent in this place.
 E = Time spent auto-exploring this place.
 F = Levels seen in this place.
 G = Mean time per level.
                   A        B        C        D        E       F      G
               +--------+--------+--------+--------+--------+-----+--------+
         Total |   1697 |   1677 |     20 |    228 |   1202 |   3 |  565.7 |
       Dungeon |   1697 |   1677 |     20 |    228 |   1202 |   3 |  565.7 |
               +--------+--------+--------+--------+--------+-----+--------+

Top non-repeatable levels by time:
     D:1: 866 daAuts
     D:2: 596 daAuts
     D:3: 234 daAuts
